 Dungeon Crawl Stone Soup version 0.30.1-9-gdf580d7c3d (webtiles) character file.

Game seed: 15949457597857183750

122 growler the Gusty (level 5, -3/28 HPs)
             Began as a Tengu Air Elementalist on Oct 24, 2023.
             Slain by a gnoll
             ... wielding a +0 flail
             ... led by a gnoll bouda
              (9 damage)
             ... on level 3 of the Dungeon.
             The game lasted 00:03:40 (1882 turns).

growler the Gusty (Tengu Air Elementalist)          Turns: 1882, Time: 00:03:40

Health: -3/28      AC:  2    Str:  8    XL:     5   Next: 6%
Magic:  1/10       EV: 14    Int: 18    God:
Gold:   230        SH:  0    Dex: 14    Spells: 4/10 levels left

rFire   . . .        n - +0 dagger (holy)
rCold   . . .        (no shield)
rNeg    . . .        a - +0 robe
rPois   .            (helmet restricted)
rElec   .            (no cloak)
rCorr   .            (no gloves)
SInv    .            (boots unavailable)
Will    .....        (no amulet)
Stlth   ++           (no ring)
HPRegen 0.24/turn    (no ring)
MPRegen 0.12/turn

%: no passive effects
@: weakened, flying quickly and evasively, quick
A: beak, talons 3, nimble flight
a: no special abilities


You were on level 3 of the Dungeon.
You visited 1 branch of the dungeon, and saw 3 of its levels.

You collected 230 gold pieces.

Inventory:

Hand Weapons
 n - a +0 dagger of holy wrath (weapon)
Armour
 a - a +0 robe (worn)
Jewellery
 i - an amulet of faith
 o - a +5 ring of evasion
Scrolls
 c - a scroll of acquirement {unknown}
 f - a scroll of vulnerability {unknown}
 j - a scroll of fear {unknown}
 k - a scroll of teleportation {unknown}
 l - a scroll of blinking
 m - a scroll of identify {unknown}
 q - 3 scrolls of poison {unknown}
 r - a scroll of torment {unknown}
Potions
 b - a potion of magic
 d - 3 potions of mutation {unknown}
 e - a potion of brilliance {unknown}
 g - 2 potions of lignification {unknown}
 h - a potion of flight {unknown}
 p - a potion of curing {unknown}


   Skills:
 - Level 2.1 Dodging
 - Level 2.0 Stealth
 + Level 3.1 Spellcasting
 + Level 3.7 Conjurations
 + Level 5.3 Air Magic


You had 4 spell levels left.
You knew the following spells:

 Your Spells              Type           Power      Damage    Failure   Level
a - Shock                 Conj/Air       76%        1d7       2%          1
b - Static Discharge      Conj/Air       38%        2-4/arc   3%          2
c - Swiftness             Air            21%        N/A       5%          3

Your spell library contained the following spells:

 Spells                   Type           Power      Damage    Failure   Level
 Poisonous Vapours        Pois/Air       24%        N/A       9%          2
 Mephitic Cloud           Conj/Pois/Air  13%        N/A       14%         3
 Airstrike                Air            10%        2d(2-18)  19%         4
 Ozocubu's Armour         Ice            2%         N/A       43%         3
 Freezing Cloud           Conj/Ice/Air   6%         6-21      78%         5
 Ozocubu's Refrigeration  Ice            1%         4d7       100%        7


Dungeon Overview and Level Annotations

Branches:
Dungeon (3/15)

Altars:


Innate Abilities, Weirdness & Mutations

You have a beak for a mouth.
You have claws for feet.
Your magical nature lets you fly swiftly and evasively.


Message History

The gnoll bouda gazes fiercely through you!
You feel as though you will be weak longer.
The gnoll bouda misses you.
You barely miss the gnoll bouda.
The gnoll bouda is severely wounded.
The giant cockroach closely misses you. The gnoll bouda misses you.
The giant cockroach misses you.
You hit the gnoll bouda but do no damage.
The gnoll bouda is severely wounded.
The gnoll bouda closely misses you. The giant cockroach barely misses you.
You barely miss the gnoll bouda. Your kick misses the gnoll bouda.
You peck the gnoll bouda, but do no damage.
The gnoll bouda is severely wounded.
The giant cockroach completely misses you.
The gnoll bouda hits you with a +0 club!
Casting: Shock (safe; 2% risk of failure)
Confirm with . or Enter, or press ? or * to list all spells.
Aiming: Shock (safe; 2% risk of failure)
Press: ? - help, Shift-Dir - straight line, f/p - gnoll bouda
Aim: a gnoll bouda, wielding a +0 club and wearing a +0 leather armour (severely wounded, 75% to hit)
The zap hits the giant cockroach.
You kill the giant cockroach!
The zap hits the gnoll bouda but does no damage.
The gnoll bouda is severely wounded.
The zap hits the gnoll.
The gnoll is moderately wounded.
You hit the endoplasm but do no damage. You claw the endoplasm.
The endoplasm is severely wounded.
The endoplasm freezes you.
You are frozen.
* * * LOW HITPOINT WARNING * * *
The gnoll bouda gazes fiercely through you!
You feel as though you will be weak longer.
The endoplasm jiggles.
The gnoll bouda gazes fiercely through you!
You feel as though you will be weak longer.
The gnoll bouda gazes fiercely through you!
You feel as though you will be weak longer.
The gnoll attacks as you move away! The gnoll hits you with a +0 flail!
You die...

#.####)## .... #.#.#.#.#.
#.......######.....##.#.#.#.#
....###.)...........#.#.#.#.#.
.. #..............##.#.#.#.#
.#..###............#.#.#.#.#.
.................# ##.#.#.#.#
#..#####....g....# #.#.#.#.#.
#...gJ....# ##.#.#.#.#
#....@....# #.#.#.#.#.
#.........####.#.#.#.#
#.............#.#.#.#.
#.........#######.##.#
########### #.#) ##.# #.#.
##.# #.#.


You could see a gnoll bouda, a gnoll (swift) and an endoplasm.

Vanquished Creatures
  Natasha (twice) (D:2)
  3 gnolls (D:3)
  An adder (D:3)
  A worm (D:3)
  A dart slug (D:3)
  An endoplasm (D:1)
  3 giant cockroaches (D:3)
  5 hobgoblins
  A quokka (D:3)
  A ball python (D:2)
  4 bats
  A frilled lizard (D:2)
  7 goblins
  2 kobolds
  2 rats
35 creatures vanquished.

Notes
Turn   | Place    | Note
-------+----------+-------------------------------------------
     0 | D:1      | growler the Tengu Air Elementalist began the quest for the
                  | Orb.
     0 | D:1      | Reached XP level 1. HP: 10/10 MP: 4/4
   122 | D:1      | Found a faded altar of an unknown god.
   533 | D:2      | Reached XP level 2. HP: 15/15 MP: 3/6
   536 | D:2      | Learned a level 2 spell: Static Discharge
   660 | D:2      | Noticed Natasha
   666 | D:2      | Killed Natasha
   667 | D:2      | Reached XP level 3. HP: 1/19 MP: 0/7
   746 | D:2      | Learned a level 3 spell: Swiftness
   947 | D:2      | Noticed Natasha
   951 | D:2      | Killed Natasha
   952 | D:2      | Reached XP level 4. HP: 24/24 MP: 3/9
  1402 | D:3      | Reached skill level 5 in Air Magic
  1862 | D:3      | Gained mutation: Your magical nature lets you fly swiftly
                  | and evasively. [Tengu growth]
  1862 | D:3      | Reached XP level 5. HP: 28/28 MP: 1/10
  1882 | D:3      | Slain by a gnoll

Illustrated notes

Levels and vault maps discovered:
D:1:      tarquinn_simple_flora_water_f, layout_rooms,
          shapermc_ecumenical_altar_gd
D:2:      layout_basic, eino_tiny_chamber, uniq_natasha
D:3:      layout_basic, patterned_corridor

Skill      XL: |  1  2  3  4 |
---------------+-------------+-----
Conjurations   | 2 3 |  3.7
Air Magic      | 5 |  5.3
Spellcasting   | 3 |  3.1
Dodging        | |  2.1
Stealth        | |  2.0

Action                     |  1- 3 |  4- 6 || total
---------------------------+-------+-------++-------
  Melee: Dagger            |       |     6 ||     6
         Peck              |       |     2 ||     2
         Kick              |       |     1 ||     1
   Cast: Shock             |    35 |    46 ||    81
    Use: Scroll            |       |     1 ||     1
  Dodge: Dodged            |     2 |     8 ||    10
